 Dungeon Crawl Stone Soup version 0.21.0-3-g78d12a8 (webtiles) character file.

134 komo4ek the Ducker (level 5, -5/43 HPs)
             Began as a Gnoll Wanderer on Jan 8, 2018.
             Was an Initiate of the Shining One.
             Killed by divine providence
             ... invoked by an orc priest
              (12 damage)
             ... on level 3 of the Dungeon.
             The game lasted 00:07:22 (2226 turns).

komo4ek the Ducker (Gnoll Wanderer)                 Turns: 2226, Time: 00:07:23

Health: -5/43      AC:  5    Str: 10 (12) XL:     5   Next: 17%
Magic:  7/7        EV: 14    Int: 14 (15) God:    the Shining One [......]
Gold:   139        SH:  0    Dex: 15 (17) Spells: 6/6 levels left

rFire    . . .     SeeInvis .   a - +2 short sword
rCold    . . .     Gourm    .   (no shield)
rNeg     . . .     Faith    .   v - +0 ring mail
rPois    .         Spirit   .   (no helmet)
rElec    .         Reflect  .   (no cloak)
rCorr    .         Harm     .   (no gloves)
MR       .....                  (no boots)
Stlth    +.........             (no amulet)
HPRegen  0.14/turn              (no ring)
MPRegen  0.10/turn              (no ring)

@: glowing
A: distributed training, fangs 1, strong nose
a: Renounce Religion


You were on level 3 of the Dungeon.
You worshipped the Shining One.
The Shining One was noncommittal.
You were not hungry.

You visited 1 branch of the dungeon, and saw 3 of its levels.

You collected 139 gold pieces.

Inventory:

Hand Weapons
 a - a +2 short sword (weapon)
 b - a +0 shortbow
 j - a +3 hunting sling
Missiles
 c - 57 arrows
 i - 103 stones (quivered)
Armour
 e - a +0 robe
 v - a +0 ring mail (worn)
Scrolls
 k - a scroll of amnesia {unknown}
 l - 5 scrolls of identify {unknown}
 n - a scroll of noise {unknown}
 o - a scroll of enchant weapon {unknown}
 q - a scroll of blinking {unknown}
 u - a scroll of remove curse {unknown}
 w - a scroll of random uselessness {unknown}
Potions
 d - a potion of lignification
 f - a potion of degeneration
 g - 2 potions of heal wounds {unknown}
 h - a potion of curing {unknown}
 m - a potion of agility {unknown}
 p - 2 potions of brilliance {unknown}
 r - a potion of might {unknown}
 s - a potion of berserk rage {unknown}
Comestibles
 t - 2 rations


   Skills:
 + Level 4.7 Fighting
 + Level 4.7 Short Blades
 + Level 1.3 Long Blades
 + Level 1.3 Axes
 + Level 1.3 Maces & Flails
 + Level 1.3 Polearms
 + Level 1.3 Staves
 + Level 1.3 Slings
 + Level 1.3 Bows
 + Level 1.3 Crossbows
 + Level 4.7 Throwing
 + Level 2.9 Armour
 + Level 6.6 Dodging
 + Level 1.3 Stealth
 + Level 1.3 Shields
 + Level 1.3 Unarmed Combat
 + Level 1.3 Spellcasting
 + Level 1.1 Conjurations
 + Level 1.1 Hexes
 + Level 1.1 Charms
 + Level 1.1 Summonings
 + Level 1.1 Necromancy
 + Level 1.1 Translocations
 + Level 1.1 Transmutations
 + Level 1.1 Fire Magic
 + Level 1.1 Ice Magic
 + Level 1.1 Air Magic
 + Level 1.1 Earth Magic
 + Level 1.1 Poison Magic
 + Level 1.5 Invocations
 + Level 1.3 Evocations


You had 6 spell levels left.
You didn't know any spells.

Dungeon Overview and Level Annotations

Branches:
Dungeon (3/15)

Altars:
Okawaru
The Shining One


Innate Abilities, Weirdness & Mutations

Your experience applies equally to all skills.
You have very sharp teeth.
Your uncanny sense of smell can sniff out nearby items.


Message History

You hit the orc priest.
The orc priest is moderately wounded.
The orc priest invokes the aid of Beogh against you.
Beogh smites you!
* * * LOW HITPOINT WARNING * * *
You hear a shout!
You hit the orc priest but do no damage.
The orc priest is moderately wounded.
The orc priest hits you but does no damage.
It was a potion of degeneration.
There was something very wrong with that liquid.
You feel weakened.
You feel dopey.
You feel clumsy. The orc priest misses you.
You hit the orc priest.
The orc priest is severely wounded.
An orc comes into view. It is wielding a mace.
The orc moves out of view.
The orc priest mumbles some strange prayers to Beogh against you.
Beogh smites you!
You die...

.o#####†.#....#
..oo.......#
.######.†### .
∆.........# . ∆
########o# # #### #ow#
#.# #..# #.## #.#
##.#######o# #.#
#...@..oo.# #..
#.#######.# #.# #.# #.#
#.# ##.# #.. #>### #..#
#.## ....# ### ##.# #.#
..### #.# #.# #.# ..#
#.# #.#######.#
..#####.#####..).....<#


You could see an orc priest, an orc wizard and an orc.

Vanquished Creatures
  An orc wizard (D:3)
  A gnoll (D:1)
  2 adders
  An ooze (D:2)
  4 worms (D:2)
  2 dart slugs
  A leopard gecko (D:1)
  7 orcs (D:3)
  6 bats
  2 giant cockroaches (D:2)
  4 hobgoblins
  A quokka (D:3)
  3 frilled lizards
  7 goblins
  6 kobolds
  9 rats
57 creatures vanquished.

Notes
Turn   | Place    | Note
-------+----------+-------------------------------------------
     0 | D:1      | komo4ek the Gnoll Wanderer began the quest for the Orb.
     0 | D:1      | komo4ek set off with: a +2 short sword, a +0 shortbow, 30 arrows, a potion of lignification, a +0 robe, a ration
     0 | D:1      | Reached XP level 1. HP: 20/20 MP: 1/1
    87 | D:1      | Reached XP level 2. HP: 26/26 MP: 2/2
   411 | D:1      | Reached XP level 3. HP: 31/31 MP: 3/3
   719 | D:1      | Reached skill level 1 in Invocations
  1162 | D:2      | Reached skill level 1 in Long Blades
  1162 | D:2      | Reached skill level 1 in Axes
  1162 | D:2      | Reached skill level 1 in Maces & Flails
  1162 | D:2      | Reached skill level 1 in Polearms
  1162 | D:2      | Reached skill level 1 in Staves
  1162 | D:2      | Reached skill level 1 in Slings
  1162 | D:2      | Reached skill level 1 in Bows
  1162 | D:2      | Reached skill level 1 in Crossbows
  1162 | D:2      | Reached skill level 1 in Stealth
  1162 | D:2      | Reached skill level 1 in Shields
  1162 | D:2      | Reached skill level 1 in Unarmed Combat
  1162 | D:2      | Reached skill level 1 in Spellcasting
  1162 | D:2      | Reached skill level 1 in Evocations
  1226 | D:2      | Reached XP level 4. HP: 35/38 MP: 5/5
  1447 | D:2      | Found a glowing golden altar of the Shining One.
  1459 | D:2      | Became a worshipper of the Shining One
  1849 | D:3      | Reached skill level 1 in Conjurations
  1849 | D:3      | Reached skill level 1 in Hexes
  1849 | D:3      | Reached skill level 1 in Charms
  1849 | D:3      | Reached skill level 1 in Summonings
  1849 | D:3      | Reached skill level 1 in Necromancy
  1849 | D:3      | Reached skill level 1 in Translocations
  1849 | D:3      | Reached skill level 1 in Transmutations
  1849 | D:3      | Reached skill level 1 in Fire Magic
  1849 | D:3      | Reached skill level 1 in Ice Magic
  1849 | D:3      | Reached skill level 1 in Air Magic
  1849 | D:3      | Reached skill level 1 in Earth Magic
  1849 | D:3      | Reached skill level 1 in Poison Magic
  1924 | D:3      | Reached XP level 5. HP: 21/43 MP: 6/6
  2133 | D:3      | Found an iron altar of Okawaru.
  2226 | D:3      | Killed from afar by an orc priest

Skill      XL: |  1  2  3  4 |
---------------+-------------+-----
Invocations    | 1 |  1.5
Long Blades    | 1 |  1.3
Axes           | 1 |  1.3
Maces & Flails | 1 |  1.3
Polearms       | 1 |  1.3
Staves         | 1 |  1.3
Slings         | 1 |  1.3
Bows           | 1 |  1.3
Crossbows      | 1 |  1.3
Stealth        | 1 |  1.3
Shields        | 1 |  1.3
Unarmed Combat | 1 |  1.3
Spellcasting   | 1 |  1.3
Evocations     | 1 |  1.3
Conjurations   | 1 |  1.1
Hexes          | 1 |  1.1
Charms         | 1 |  1.1
Summonings     | 1 |  1.1
Necromancy     | 1 |  1.1
Translocations | 1 |  1.1
Transmutations | 1 |  1.1
Fire Magic     | 1 |  1.1
Ice Magic      | 1 |  1.1
Air Magic      | 1 |  1.1
Earth Magic    | 1 |  1.1
Poison Magic   | 1 |  1.1
Fighting       | |  4.7
Short Blades   | |  4.7
Throwing       | |  4.7
Armour         | |  2.9
Dodging        | |  6.6

Action                   |  1- 3 |  4- 6 || total
-------------------------+-------+-------++-------
Melee: Short sword       |    93 |    96 ||   189
       Bite              |     8 |    13 ||    21
  Use: Potion            |       |     2 ||     2
 Stab: Sleeping          |     2 |       ||     2
  Eat: Ration            |     1 |     1 ||     2
Armor: Robe              |    10 |     3 ||    13
       Ring mail         |       |     4 ||     4
Dodge: Dodged            |    77 |    52 ||   129
